 Dungeon Crawl Stone Soup version 0.18.1-48-g4cf74bf (console) character file.

84 Homage the Digger (level 4, -2/26 HPs)
             Began as a Gargoyle Earth Elementalist on Aug 16, 2016.
             Killed by nerve-wracking pain
             ... invoked by Grinder
              (8 damage)
             ... on level 2 of the Dungeon.
             The game lasted 00:12:35 (2355 turns).

Homage the Digger (Gargoyle Earth Elementalist)     Turns: 2355, Time: 00:12:36

Health: -2/26      AC:  6    Str: 10 (12) XL:     4   Next: 46%
Magic:  3/7        EV: 12    Int: 14 (16) God:
Gold:   101        SH:  0    Dex:  9 (10) Spells: 2 memorised, 4 levels left

rFire  . . .     SeeInvis .     b - 33 stones
rCold  . . .     Gourm    .     e - +1 robe
rNeg   + . .     Faith    .     (no shield)
rPois  ∞         Spirit   .     (no helmet)
rElec  +         Dismiss  .     (no cloak)
rCorr  .         Reflect  .     (no gloves)
SustAt .         Harm     .     (no boots)
MR     .....                    (no amulet)
Stlth  ++........               (no ring)
                                (no ring)

@: not resistant to hostile enchantments, unstealthy
A: negative energy resistance 1, electricity resistance, unbreathing,
petrification resistance, rot immunity, AC +3
a: no special abilities


You were on level 2 of the Dungeon.
You were not hungry.

You visited 1 branch of the dungeon, and saw 3 of its levels.

You collected 101 gold pieces.


Innate Abilities, Weirdness & Mutations

You are resistant to torment.
Your stone body is resilient (AC +3).
You are immune to poison.
You resist negative energy.
You are resistant to electric shocks.
You can survive without breathing.
You are immune to petrification.
You are immune to rotting.


   Skills:
 - Level 2.1 Fighting
 + Level 1.7 Maces & Flails
 - Level 1.0 Armour
 - Level 1.5 Dodging
 - Level 3.0 Stealth
 - Level 2.0 Spellcasting
 - Level 0.7 Transmutations
 - Level 4.2 Earth Magic


You had 4 spell levels left.
You knew the following spells:

 Your Spells              Type           Power        Failure   Level  Hunger
a - Sandblast             Erth           ##....       4%          1    ##.....
Z - Passwall              Trmt/Erth      #.........   17%         2    ###....

Inventory:

Hand Weapons
 a - a +1 whip
Missiles
 b - 33 stones (in hand)
Armour
 e - a +1 robe (worn)
 m - a +0 ring mail
Jewellery
 l - an uncursed ring of ice
Scrolls
 f - a scroll of fog
 k - a scroll of enchant weapon
Potions
 h - a potion of flight
 j - a potion of resistance {unknown}
Books
 c - a book of Geomancy

   Spells                             Type                      Level
   a - Sandblast                      Earth                        1
   b - Passwall                       Transmutation/Earth          2
   c - Stone Arrow                    Conjuration/Earth            3
   d - Petrify                        Transmutation/Earth          4
   e - Lee's Rapid Deconstruction     Earth                        5
Comestibles
 d - 3 bread rations
 g - 2 meat rations
 i - 4 chunks of flesh


Message History

Grinder closely misses you.
You hit Grinder but do no damage.
Grinder is severely wounded.
Grinder blinks!
You barely miss Grinder.
Grinder is severely wounded.
Grinder gestures at you.
You barely resist. You closely miss Grinder.
Grinder is severely wounded.
Grinder hits you!
* * * LOW HITPOINT WARNING * * *
Your magical contamination has completely faded away.
You hit Grinder.
Grinder is severely wounded.
Grinder blinks!
b - 33 stones (in hand) Grinder gestures at you.
Pain shoots through your body!
You die...

.............#.##.#.....#####%#..
.#####..[##.##......##.....##....
.......##...####..####.###.......
..####....#.# #..####.#######.<.
#.# #..####.####.........# #..>
#.###.## #.......##.....# #.##
..##..# #.^##...5.#....# #..#
###..## #..##.....#....# ##.#
#...## #..##.@¤.>#....# #.. ..###
###########.<..# #.. ### #....#
#.. #....# #.. ###### ###


You could see Grinder.

Vanquished Creatures
  3 adders (D:2)
  2 worms (D:2)
  A dart slug (D:1)
  3 giant geckos (D:2)
  4 giant cockroaches (D:1)
  4 goblins
  8 hobgoblins
  2 quokkas (D:2)
  4 bats
  4 giant newts
  6 kobolds
  6 rats
47 creatures vanquished.

Notes
Turn   | Place    | Note
--------------------------------------------------------------
     0 | D:1      | Homage the Gargoyle Earth Elementalist began the quest for the Orb.
     0 | D:1      | Reached XP level 1. HP: 10/10 MP: 3/3
   191 | D:1      | Reached skill level 3 in Stealth
   414 | D:1      | Reached XP level 2. HP: 10/15 MP: 0/5
   583 | D:1      | Reached skill level 1 in Armour
   606 | D:1      | HP: 3/15 [giant cockroach (1)]
   907 | D:1      | Learned a level 2 spell: Passwall
  1059 | D:1      | Reached skill level 1 in Maces & Flails
  1175 | D:1      | Reached XP level 3. HP: 17/20 MP: 6/6
  1338 | D:2      | Reached skill level 1 in Fighting
  1633 | D:2      | Reached skill level 4 in Earth Magic
  1633 | D:2      | Reached XP level 4. HP: 18/26 MP: 2/7
  1845 | D:2      | Found a snail-covered altar of Cheibriados.
  1972 | D:2      | Found a blossoming altar of Fedhas.
  2290 | D:3      | Noticed Sigmund
  2290 | D:3      | Noticed Grinder
  2297 | D:3      | Paralysed by Grinder for 4 turns
  2339 | D:2      | Paralysed by Grinder for 3 turns
  2353 | D:2      | HP: 5/26 [Grinder (7)]
  2355 | D:2      | Killed from afar by Grinder

Vault maps used:
D:1:      lightli_iron_boxes
D:2:      cheibriados_altar_1, first_bread, fedhas_altar_1
D:3:      lightli_temple_of_fire, gammafunk_temple_overflow_pools,
          minmay_liquid_box, kennysheep_generic_room_11, uniq_robin,
          uniq_sigmund, uniq_grinder

Action                   |  1- 3 |  4- 6 || total
-------------------------+-------+-------++-------
Melee: Short sword       |    18 |       ||    18
       Club              |    33 |       ||    33
       Mace              |    17 |       ||    17
       Whip              |     5 |    56 ||    61
Throw: Stone             |     2 |       ||     2
 Cast: Sandblast         |    38 |    21 ||    59
  Use: Scroll            |     4 |     4 ||     8
       Potion            |     3 |       ||     3
 Stab: Sleeping          |     2 |     1 ||     3
  Eat: Chunk             |     3 |     3 ||     6
Armor: Robe              |    33 |    16 ||    49
Dodge: Dodged            |    72 |    35 ||   107
